[Event "*** Titled Tuesday Blitz"]
[Site "Chess.com"]
[Date "2019.04.02"]
[Round "5"]
[White "KhalilMousavi77"]
[Black "Chessialist"]
[Result "1-0"]
[WhiteElo "2730"]
[BlackElo "2519"]
[TimeControl "180+2"]
[EndTime "15:04:32 PDT"]
[Termination "KhalilMousavi77 won by resignation"]

1. e4 c5 2. Nf3 e6 3. d4 cxd4 4. Nxd4 a6 5. Bd3 Qc7 6. O-O Nf6 7. f4 d6 8. Kh1 Be7 9. Qe1 Nc6 10. Nxc6 Qxc6 11. e5 Nd7 12. Nc3 Nc5 13. Be2 O-O 14. Be3 dxe5 15. fxe5 Bd7 16. Qg3 Kh8 17. Rf4 Rad8 18.
Rc4 b5 19. Rg4 Rg8 20. Rf1 Be8 21. Bh6 g6 22. Rgf4 b4 23. Rxb4 Nd7 24. Rc4 Qb6 25. b3 Qb8 26. Re4 Nb6 27. Bg5 Qc7 28. Rh4 Bxg5 29.
Qxg5 Rg7 30. Ne4 Nd5 31. Nf6 Qxc2 32. Qh6 g5 33. Bd1 Qd3 34. Be2 Qc2 35. Re4 Nxf6 36. exf6 Rg6 37. Qf8+ Rg8 38. Qb4 a5 39. Qc4 Qxa2 40.
Re3 Qd2 41. Rh3 Rg6 42. Bd3 Rxd3 43. Rxd3 Qe2 44. Rd8 1-0

[Event "*** Titled Tuesday Blitz"]
[Site "Chess.com"]
[Date "2019.04.02"]
[Round "5"]
[White "IMRosen"]
[Black "iturrizaga"]
[Result "0-1"]
[WhiteElo "2542"]
[BlackElo "2892"]
[TimeControl "180+2"]
[EndTime "15:04:33 PDT"]
[Termination "iturrizaga won on time"]

1. d4 Nf6 2. Bf4 b6 3. e3 Bb7 4.
Nf3 g6 5. c4 Bg7 6. Nc3 O-O 7.
Be2 c5 8. d5 e6 9. h3 exd5 10.
cxd5 d6 11. O-O Na6 12. e4 Nc7 13. Nd2 Re8 14. f3 Nh5 15. Bh2 Bd4+ 16. Kh1 Qg5 17.
Qe1 Nf4 18. Bg3 Bxc3 19. Bxf4 Qxf4 20. bxc3 b5 21. a4 a6 22. c4 b4 23. g3 Qe3 24. Rb1 f5 25. Rb3 Qh6 26. Kg2 Bc8 27. h4 a5 28. Bd3 Bd7 29. Rb2 Bxa4 30. Qa1 Bd7 31. exf5 gxf5 32. Qb1 Qg7 33. Ra2 a4 34. Bxf5 Bxf5 35. Qxf5 b3 36. Raa1 Re2+ 37. Rf2 Rxf2+ 38. Kxf2 Qxa1 39. Ne4 Rf8 40. Qd7 Qg7 41. Qxd6 a3 42. Qxc5 a2 43. d6 a1=Q 44. dxc7 Qad4+ 45. Kg2 Qxc5 46. Nxc5 b2 47. Ne6 b1=Q 48. Nxf8 Qxf8 49.
Kh3 Qff5+ 0-1

[Event "*** Titled Tuesday Blitz"]
[Site "Chess.com"]
[Date "2019.04.02"]
[Round "5"]
[White "GataKamsky1974"]
[Black "Amirreza_p"]
[Result "1-0"]
[WhiteElo "2766"]
[BlackElo "2762"]
[TimeControl "180+2"]
[EndTime "15:04:33 PDT"]
[Termination "GataKamsky1974 won by resignation"]

1. d4 d5 2. Nf3 Nf6 3. Bf4 c5 4. e3 e6 5. Nbd2 Bd6 6. Bb5+ Nc6 7. Bxc6+ bxc6 8. Bxd6 Qxd6 9. c3 cxd4 10. cxd4 c5 11.
Qa4+ Nd7 12. Rc1 c4 13. b3 cxb3 14. Nxb3 O-O 15. O-O Nb6 16. Qc6 Qxc6 17. Rxc6 Ba6 18. Rfc1 Rfc8 19. h4 Bc4 20. Rxc8+ Rxc8 21. Nc5 Rc7 22.
a4 Nd7 23. Nxd7 Rxd7 24. Ne5 Rc7 25. Nxc4 dxc4 26. Kf1 f5 27. Ke2 Kf7 28. Kd2 Kg6 29. g3 Kh5 30. f3 h6 31. Rb1 g5 32. hxg5 hxg5 33. Kc3 g4 34. Rh1+ Kg5 35. f4+ Kf6 36. a5 Kg6 37. Rb1 Kf6 38. Re1 Rc6 39. e4 fxe4 40. Rxe4 Ra6 41. Re5 Rc6 42. Rg5 Rd6 43. Kxc4 Rd7 44. Rxg4 Rc7+ 45. Kb5 Rd7 46. Ka6 Rxd4 47.
Kxa7 Rd7+ 48. Kb6 Rd6+ 49. Kc7 1-0

[Event "*** Titled Tuesday Blitz"]
[Site "Chess.com"]
[Date "2019.04.02"]
[Round "5"]
[White "Karina_Oparina"]
[Black "VFernandezB"]
[Result "0-1"]
[WhiteElo "2245"]
[BlackElo "2253"]
[TimeControl "180+2"]
[EndTime "15:04:39 PDT"]
[Termination "VFernandezB won by resignation"]

1. Nf3 Nf6 2. g3 e6 3. Bg2 d5 4. O-O Be7 5. d4 O-O 6. Nbd2 b6 7. c4 Bb7 8. b3 Nbd7 9. Bb2 c5 10. Rc1 Rc8 11. e3 h6 12. Qe2 Bd6 13. cxd5 exd5 14.
dxc5 bxc5 15. Rfd1 Qb6 16. Nh4 Rfe8 17. Nf5 Bf8 18.
Nb1 d4 19. Na3 Bxg2 20. Kxg2 Ne5 21. f3 Qb7 22. e4 g6 23. Nh4 Kh7 24. Nc4 Nfd7 25.
Nxe5 Nxe5 26. Kg1 Be7 27. Ng2 f5 28. f4 Ng4 29. exf5 gxf5 30. Qd3 Qe4 31. Qxe4 fxe4 32. Re1 Bd6 33. h3 Nf6 34. Rcd1 Nd5 35. a3 a5 36. g4 Rb8 37. b4 axb4 38. axb4 Rxb4 39. Ba3 Rb3 40. Rxd4 cxd4 41. Bxd6 Rxh3 42. Bc5 d3 43. Ne3 Nxe3 44. Bxe3 Rg3+ 45. Kf2 Rxg4 46. Rc1 Reg8 47. Rc7+ R4g7 48. Rc6 Rg2+ 49. Ke1 Re2+ 0-1

[Event "*** Titled Tuesday Blitz"]
[Site "Chess.com"]
[Date "2019.04.02"]
[Round "5"]
[White "Lennis93"]
[Black "Walter_White_Poland"]
[Result "1-0"]
[WhiteElo "2368"]
[BlackElo "2256"]
[TimeControl "180+2"]
[EndTime "15:04:45 PDT"]
[Termination "Lennis93 won by checkmate"]

1. d4 Nf6 2. Nf3 c5 3. dxc5 e6 4. e3 Bxc5 5. c4 O-O 6. a3 d5 7. Nc3 dxc4 8. Qxd8 Rxd8 9. Bxc4 a6 10. b4 Be7 11. Bb2 b5 12. Be2 Bb7 13. O-O Nbd7 14.
Rfc1 Nb6 15. Nd4 Rac8 16. f3 Nc4 17. Bxc4 Rxc4 18. Nce2 Rdc8 19. Kf2 g6 20. Nb3 Rc2 21. Bd4 Rxc1 22. Rxc1 Rxc1 23. Nexc1 Nd7 24. e4 f5 25. exf5 gxf5 26. Nd3 Bd5 27. Na5 Bd6 28. f4 Kf7 29. g3 Be4 30. Nc5 Nxc5 31. bxc5 Bc7 32.
Nb3 a5 33. Be5 Bd8 34. Ke3 Bd5 35. Nd4 Ke8 36. Nxb5 Kd7 37. Nd4 Be7 38. Bd6 Bxd6 39. cxd6 Kxd6 40. h4 Kc5 41. Kd3 Be4+ 42. Kc3 Bd5 43. h5 h6 44. Kd3 Ba2 45. Nf3 Kb5 46. Kc3 Ka4 47. Kb2 Bb3 48. Ng5 Bd1 49. Nxe6 Bxh5 50.
Nd4 Bg4 51. Nc2 Bf3 52. Ne3 Be4 53. Nd1 Bd3 54. Nc3# 1-0

[Event "*** Titled Tuesday Blitz"]
[Site "Chess.com"]
[Date "2019.04.02"]
[Round "5"]
[White "pedromartinez91"]
[Black "Vuk2000"]
[Result "0-1"]
[WhiteElo "2502"]
[BlackElo "2714"]
[TimeControl "180+2"]
[EndTime "15:04:52 PDT"]
[Termination "Vuk2000 won by resignation"]

1. e4 d5 2. exd5 Qxd5 3. Nc3 Qd6 4. d4 Nf6 5. Nf3 c6 6. Ne5 Nbd7 7. Nc4 Qc7 8. Be2 g6 9. O-O Bg7 10. a4 Nb6 11. Ne5 O-O 12. Bf4 Qd8 13. Bg3 a5 14.
Re1 Be6 15. Bf1 Nbd5 16. Nxd5 Nxd5 17. c3 Qb6 18. Nd3 Bf5 19. Qd2 Rfd8 20. Nc5 Nf6 21. Qe2 Nd7 22. Qxe7 Nxc5 23. Bc7 Qxb2 24. Bxd8 Ne6 25.
Bc4 Bf8 26. Qf6 Nxd8 27. d5 cxd5 28. Bxd5 Ne6 29. Bxe6 Bxe6 30. Rab1 Qc2 31. Rxb7 Qxa4 32.
h3 Qc4 33. h4 Bg7 34. Qe7 Bxc3 35. Reb1 Bb4 36. Qf6 Qd5 37. Rc7 Qd8 38. Qxd8+ Rxd8 39. Ra7 h5 40. g3 Rd2 41. Rc1 Bd5 42. Rc8+ Kg7 43.
f4 Rg2+ 44. Kf1 Rxg3 45. Rd8 Rf3+ 46. Ke2 Be4 47. Re8 Rxf4 48. Ke3 Rxh4 49. Rxe4 Bc5+ 50. Kf3 Rxe4 51. Rxa5 Re5 52. Rb5 Rf5+ 53. Kg3 Bf2+ 54. Kg2 0-1

[Event "*** Titled Tuesday Blitz"]
[Site "Chess.com"]
[Date "2019.04.02"]
[Round "5"]
[White "Bigfish1995"]
[Black "Robin-Side"]
[Result "0-1"]
[WhiteElo "2886"]
[BlackElo "2604"]
[TimeControl "180+2"]
[EndTime "15:04:53 PDT"]
[Termination "Robin-Side won by resignation"]

1. d4 g6 2. e4 Bg7 3. Nf3 e6 4. Bg5 Ne7 5. e5 d6 6. Qe2 h6 7.
Bh4 g5 8. Bg3 Nbc6 9. h3 Nf5 10.
c3 Nxg3 11. fxg3 dxe5 12. dxe5 Qd5 13. Qb5 Bd7 14. Qxd5 exd5 15. Bb5 Nxe5 16. Bxd7+ Kxd7 17. O-O Nc4 18. Nfd2 Nd6 19. Nb3 Rae8 20. N1d2 Re2 21. Rad1 Rhe8 22. c4 R8e7 23. c5 Nb5 24. Nc4 c6 25. a4 Nc7 26. Nba5 Ne6 27. Nd6 Nxc5 28. Nf5 Bxb2 29. Nxe7 Rxe7 30. Rb1 Bd4+ 31. Kh2 b6 32. Rfd1 Be3 33. Nc4 Kc7 34. Nb2 d4 35. Ra1 a5 36. Nc4 f5 37. Rf1 f4 38. gxf4 gxf4 39.
Ra3 d3 40. Rd1 Rd7 41. Nb2 d2 42. Nc4 Rd4 43. Nxe3 fxe3 44. Rxe3 Nxa4 45. Re2 Nc3 46. Rexd2 Rxd2 47. Rxd2 b5 48. g4 a4 49. Rd3 b4 50.
h4 a3 51. Rf3 a2 52. Rf1 b3 0-1

[Event "*** Titled Tuesday Blitz"]
[Site "Chess.com"]
[Date "2019.04.02"]
[Round "5"]
[White "DiogenesSinopeus"]
[Black "Twiceblessed"]
[Result "1-0"]
[WhiteElo "2435"]
[BlackElo "2570"]
[TimeControl "180+2"]
[EndTime "15:04:54 PDT"]
[Termination "DiogenesSinopeus won by resignation"]

1. d4 Nf6 2. c4 e6 3. Nc3 Bb4 4. e3 O-O 5. Bd3 d5 6. a3 Bxc3+ 7. bxc3 c5 8. cxd5 exd5 9. Ne2 b6 10. O-O Ba6 11. f3 Bxd3 12. Qxd3 Qc8 13. e4 dxe4 14. fxe4 cxd4 15. cxd4 Qa6 16. Qe3 Re8 17. Rxf6 gxf6 18.
Nf4 Qa5 19. d5 Qc5 20. Nh5 Nd7 21. Ng3 f5 22. Qxc5 Nxc5 23. exf5 Nb3 24. Rb1 Re1+ 25. Kf2 Rxc1 26. Rxb3 Re8 27. Rd3 Kg7 28. Nh5+ Kh6 29. g4 Kg5 30. d6 Rd8 31. Kg3 Rg1+ 32. Kf3 Rxg4 33. Ng3 Rf4+ 34. Ke3 Re8+ 35. Kd2 Rc4 36. Rd5 Rc5 37. Rd4 Kh6 38. Kd3 Rd8 39. Ne4 Rxf5 40. d7 Kg7 41. Nd6 Rc5 42. Nb7 Rcc8 43. dxc8=Q Rxc8 44. Rd7 Rc6 45. Rxf7+ Kg6 46. Rd7 Rf6 47. Rd6 Kf5 48. Rxf6+ Kxf6 49. Nd6 Ke6 50. Nc8 Kd7 51. Nxa7 h5 52. Nb5 Kc6 53. Nc3 Kc5 54. Na4+ Kb5 55.
Nxb6 Kxb6 56. Ke4 Ka5 57. Kf5 Ka4 58. Kg5 Kxa3 59. Kxh5 Kb4 60. Kg6 Kc5 61. h4 Kd6 62. h5 Ke7 63. Kg7 1-0

[Event "*** Titled Tuesday Blitz"]
[Site "Chess.com"]
[Date "2019.04.02"]
[Round "5"]
[White "GMKrikor"]
[Black "Slovak_fighter2000"]
[Result "1-0"]
[WhiteElo "2737"]
[BlackElo "2480"]
[TimeControl "180+2"]
[EndTime "15:04:56 PDT"]
[Termination "GMKrikor won by resignation"]

1. Nf3 d5 2. c4 e6 3. g3 Nf6 4. Bg2 Be7 5. O-O O-O 6. b3 c6 7. Bb2 a5 8. Nc3 Nbd7 9. d4 b6 10. Rc1 Ba6 11. Qd3 c5 12. Nb5 dxc4 13. bxc4 cxd4 14. Nfxd4 Nc5 15. Qe3 Bb7 16. Bxb7 Nxb7 17. Nc6 Qe8 18. Nxe7+ Qxe7 19. Qxb6 Rfb8 20. Ba3 Qd8 21. Qxd8+ Nxd8 22. Rfd1 Nc6 23. Bd6 Rc8 24. f3 h6 25. e4 Ne8 26. Bf4 g5 27. Bd6 Nxd6 28.
Nxd6 Rc7 29. Kf2 Nb4 30. a3 Na6 31. Ke3 Nc5 32. f4 Nb3 33. Rc3 a4 34. e5 Rb8 35.
Ne4 Rbc8 36. Nd6 Rd8 37. Rb1 Kg7 38. h4 Kg6 39. Rh1 gxf4+ 40. gxf4 Nc5 41. Rc2 Kh7 42. Rg2 Rg8 43. Rxg8 Kxg8 44. h5 Rc6 45. Kd4 Nb3+ 46. Kc3 Nc5 47. Kb4 Nd3+ 48. Kb5 Nxf4 49. Kxc6 1-0

[Event "*** Titled Tuesday Blitz"]
[Site "Chess.com"]
[Date "2019.04.02"]
[Round "5"]
[White "nubair1198"]
[Black "wonderfultime"]
[Result "0-1"]
[WhiteElo "2663"]
[BlackElo "2907"]
[TimeControl "180+2"]
[EndTime "15:04:57 PDT"]
[Termination "wonderfultime won by resignation"]

1. d4 d5 2. c4 c6 3. Nf3 Nf6 4. Nc3 a6 5. a4 Bf5 6. Qb3 Ra7 7.
a5 dxc4 8. Qxc4 Nbd7 9. Bf4 e6 10. e3 Nd5 11. Bg3 Nb4 12. e4 Bg6 13. Bh4 Qc7 14. Bg3 Qd8 15. Ra4 b5 16. axb6 Nxb6 17. Qb3 Nxa4 18.
Qxa4 Be7 19. Bc4 O-O 20. O-O a5 21. Rd1 Qb6 22. Ne5 Rd8 23. Nxg6 hxg6 24. Ne2 Bf6 25. e5 Be7 26. Qb3 c5 27. h4 cxd4 28. Nf4 Rb7 29.
Qf3 Qc6 30. Qe2 d3 31. Rxd3 Nxd3 32. Bxd3 Rbd7 33. Be4 Qc1+ 34. Kh2 Rd1 35. Kh3 Rh1+ 36. Kg4 Qd1 37. Kf3 Qxe2+ 38. Nxe2 Bxh4 39. Bf4 Be7 40. Nc3 Rb8 41. Na4 Ra1 42. Bc6 Rb3+ 43. Be3 Rb4 44. Nc3 Rxb2 45. Ne4 Rb3 46. g4 a4 47. Be8 a3 48.
Kg2 a2 49. Bg5 Bxg5 50. Nxg5 Rg1+ 51. Kxg1 a1=Q+ 52. Kg2 Rb7 53. Nxe6 Qxe5 54. Bxf7+ Rxf7 55. f4 Qxe6 56. f5 Qe2+ 57. Kg3 g5 58. f6 Rxf6 0-1

[Event "*** Titled Tuesday Blitz"]
[Site "Chess.com"]
[Date "2019.04.02"]
[Round "5"]
[White "ChessQueen"]
[Black "nurgyulsalimova"]
[Result "0-1"]
[WhiteElo "2660"]
[BlackElo "2521"]
[TimeControl "180+2"]
[EndTime "15:04:57 PDT"]
[Termination "nurgyulsalimova won by resignation"]

1. e4 e5 2. Nf3 Nc6 3. Bc4 Nf6 4.
d3 Be7 5. O-O O-O 6. Re1 d6 7.
a4 Na5 8. Ba2 c5 9. Na3 Nc6 10. c3 h6 11. h3 Be6 12. Nc4 Re8 13. d4 cxd4 14. cxd4 exd4 15. Nxd4 Nxd4 16. Qxd4 d5 17.
Nd2 dxe4 18. Qxd8 Bxd8 19. Bb1 Bd5 20. Nf1 Ba5 21. Bd2 Bxd2 22. Nxd2 Rac8 23. Ra3 Rc7 24. Rae3 Rce7 25. f3 Bc6 26. b3 Kf8 27. fxe4 Nd7 28.
Nc4 Ne5 29. Nxe5 Rxe5 30. Kf2 a5 31. Bd3 Rd8 32. Bc4 Rd4 33. Bd3 Rb4 34. Bc2 Rd4 35.
R1e2 f6 36. Bd3 Rb4 37. Bc2 Rd4 38. Bd3 Ke7 39. Rg3 Rg5 40. Rxg5 hxg5 41. Ke3 Rb4 42.
Bc2 Kd6 43. Rd2+ Ke5 44. Rd8 b5 45. axb5 Bxb5 46. Ra8 a4 47. bxa4 Bc6 48. a5 Bxa8 0-1

[Event "*** Titled Tuesday Blitz"]
[Site "Chess.com"]
[Date "2019.04.02"]
[Round "5"]
[White "moro182"]
[Black "Gahan-MG"]
[Result "1-0"]
[WhiteElo "2771"]
[BlackElo "2573"]
[TimeControl "180+2"]
[EndTime "15:04:59 PDT"]
[Termination "moro182 won by resignation"]

1. d4 Nf6 2. c4 e5 3. dxe5 Ng4 4.
Nf3 Bc5 5. e3 Nc6 6. Be2 Ngxe5 7. Nxe5 Nxe5 8. O-O O-O 9. Nc3 Re8 10. b3 a5 11. Na4 Bf8 12. f4 Nc6 13. Bf3 d6 14. e4 Qf6 15. Rb1 Qd4+ 16. Qxd4 Nxd4 17. Bb2 Nxf3+ 18. gxf3 Bd7 19. Nc3 Bc6 20. Kf2 g6 21. Rg1 Bg7 22. Ne2 Bxb2 23. Rxb2 Bd7 24. f5 Kf8 25. fxg6 hxg6 26. Nf4 Re5 27. h4 b5 28. Rg5 bxc4 29. bxc4 Bc6 30. Ke3 a4 31. Rbg2 Rxg5 32.
hxg5 Rb8 33. Rc2 a3 34. Rc3 Ra8 35. c5 Bd7 36. cxd6 cxd6 37. Rc7 Be6 38. Nxe6+ fxe6 39. Kd4 Ra5 40. f4 e5+ 41. Ke3 exf4+ 42. Kxf4 Ra4 43.
Rd7 Rd4 44. Ra7 Rd3 45. e5 Rd4+ 46. Kf3 dxe5 47. Rxa3 Rf4+ 48. Kg3 Rf5 49. Kg4 Rf4+ 50. Kg3 Rf5 51. Rf3 e4 52. Rxf5+ gxf5 53. Kf4 Ke7 54.
a4 Kd6 55. g6 Ke6 56. a5 Kf6 57.
a6 Kxg6 58. a7 1-0

[Event "*** Titled Tuesday Blitz"]
[Site "Chess.com"]
[Date "2019.04.02"]
[Round "5"]
[White "iLuusions"]
[Black "platy3"]
[Result "0-1"]
[WhiteElo "2621"]
[BlackElo "2783"]
[TimeControl "180+2"]
[EndTime "15:05:00 PDT"]
[Termination "platy3 won on time"]

1. d4 Nf6 2. c4 g6 3. Nf3 Bg7 4. g3 O-O 5. Bg2 d6 6. O-O Nc6 7. Nc3 e5 8. dxe5 dxe5 9. Qxd8 Rxd8 10. Bg5 Be6 11. Nd2 h6 12. Bxf6 Rxd2 13. Bxg7 Kxg7 14.
b3 f5 15. Bxc6 bxc6 16. Rfd1 Rad8 17. Kf1 R8d4 18. Ke1 Rxd1+ 19. Rxd1 Rxd1+ 20. Kxd1 Kf6 21. f3 Ke7 22. Kd2 Kd6 23. Kd3 Kc5 24. a3 a5 25.
Na4+ Kd6 26. Kc3 g5 27. e3 h5 28. b4 axb4+ 29. Kxb4 f4 30. gxf4 exf4 31. exf4 gxf4 32. Nc3 c5+ 33. Kb3 Ke5 34. a4 Kd4 35. Nb5+ Kd3 36. Nxc7 Bxc4+ 37. Kb2 Ke3 38. Kc3 Bf1 39. Ne6 Kxf3 40.
Kd2 c4 41. a5 h4 42. Ke1 Bd3 43. a6 Ke3 44. Nc5 Be2 45. Ne4 Bf3 46. Nc3 Kd3 47. Na2 c3 48. a7 Bb7 49. Kd1 f3 50. Nb4+ Ke3 0-1

[Event "*** Titled Tuesday Blitz"]
[Site "Chess.com"]
[Date "2019.04.02"]
[Round "5"]
[White "Korchmar_Vasiliy"]
[Black "Andrjywa"]
[Result "1-0"]
[WhiteElo "2776"]
[BlackElo "2528"]
[TimeControl "180+2"]
[EndTime "15:05:03 PDT"]
[Termination "Korchmar_Vasiliy won on time"]

1. d4 Nf6 2. c4 c5 3. d5 b5 4. cxb5 a6 5. bxa6 Bxa6 6. Nc3 d6 7. e4 Bxf1 8. Kxf1 g6 9. g3 Bg7 10. Kg2 O-O 11. Nf3 Nbd7 12. a4 Qa5 13. Bd2 Rfb8 14. Nb5 Qb6 15. Qc2 Ng4 16. Bc3 Nge5 17. Nd2 Rc8 18. f4 Ng4 19. Nc4 Qb7 20. Bxg7 Kxg7 21.
Rhe1 Nb6 22. Na5 Rxa5 23. Qc3+ f6 24. Qxa5 Ra8 25. Qd2 Rxa4 26. Rxa4 Nxa4 27. Nc3 Qb4 28. h3 Nh6 29. Ra1 Nxc3 30. bxc3 Qxe4+ 31. Kh2 Nf5 32. Qe1 Qf3 33. Ra7 h5 34. h4 Qxd5 35. Rxe7+ Nxe7 36.
Qxe7+ Qf7 37. Qxd6 c4 38. Qc6 Kh7 39. Kg2 Kg7 40. Kf3 Kh7 41. Ke4 Qe7+ 42. Kd4 Qe1 43. Kxc4 Qxg3 44. Qxf6 Qf2 45. Kd5 Qf3+ 46. Kc5 Qf2+ 47.
Kc6 Qf3+ 48. Kd6 Qd3+ 49. Ke7 Kg8 50. Qe6+ Kh7 51. Kf7 Qb1 52. c4 1-0

[Event "*** Titled Tuesday Blitz"]
[Site "Chess.com"]
[Date "2019.04.02"]
[Round "5"]
[White "FrenchMonster2002"]
[Black "Phurba13"]
[Result "1-0"]
[WhiteElo "2350"]
[BlackElo "2234"]
[TimeControl "180+2"]
[EndTime "15:05:03 PDT"]
[Termination "FrenchMonster2002 won by checkmate"]

1. e4 e5 2. Nf3 Nc6 3. d4 exd4 4. Nxd4 Bc5 5. Nb3 Bb6 6. Nc3 Nf6 7. Qe2 O-O 8. Bg5 h6 9. h4 Re8 10. O-O-O d6 11.
f4 Bg4 12. Qc4 Bxd1 13. Kxd1 hxg5 14. hxg5 Nxe4 15. Nxe4 d5 16. Nf6+ Qxf6 17. Qd3 Qg6 18. Qh3 Kf8 19. Bd3 Qd6 20. Qh8+ Ke7 21. Qxg7 Rf8 22.
g6 Rae8 23. gxf7 Rd8 24. Re1+ Qe6 25. Rxe6+ Kxe6 26. f5+ Kd7 27. g4 Ne7 28. g5 c5 29.
f6 Nc6 30. Bf5+ Kc7 31. g6 Ne5 32. Qh6 c4 33. Nd2 Nxf7 34. gxf7 Rxf7 35. Be6 Rdf8 36. Bxf7 Rxf7 37. Qg6 Rd7 38. f7 Bc5 39. Qg8 Rd8 40.
Qg3+ Bd6 41. Qg6 Rf8 42. Nf3 b5 43. Ng5 Rh8 44. Nh7 Rd8 45. Qg7 c3 46. Qxc3+ Kb7 47. f8=Q Bxf8 48. Nxf8 Rxf8 49. Qg7+ Kb6 50. Qxf8 Ka5 51.
Qc5 a6 52. Qxd5 Kb4 53. Qd4+ Ka5 54. c3 b4 55. Qc5+ Ka4 56. Qxb4# 1-0

[Event "*** Titled Tuesday Blitz"]
[Site "Chess.com"]
[Date "2019.04.02"]
[Round "5"]
[White "Hikaru"]
[Black "AryanTari"]
[Result "0-1"]
[WhiteElo "3175"]
[BlackElo "2855"]
[TimeControl "180+2"]
[EndTime "15:05:07 PDT"]
[Termination "AryanTari won on time"]

1. Nf3 Nf6 2. b3 b6 3. Bb2 Bb7 4. c4 c5 5. d4 cxd4 6. Qxd4 g6 7. g3 Bg7 8. Bg2 d6 9. O-O Nbd7 10. Ne1 Qc8 11.
Nc3 O-O 12. Rc1 Bxg2 13. Nxg2 Qb7 14. Rfd1 a6 15. Nd5 Rfe8 16. Nge3 Rad8 17. Nxf6+ Bxf6 18. Qd2 Bxb2 19. Qxb2 Nf6 20. a4 d5 21. Qd4 e5 22.
Qh4 Rd6 23. cxd5 Nxd5 24. Ng4 h5 25. Nh6+ Kg7 26. Qg5 Qd7 27. e4 f6 28. Nf5+ Qxf5 29. Qxf5 gxf5 30. exd5 Red8 31. Rc7+ Kg6 32. Rb7 Rxd5 33.
Rxd5 Rxd5 34. Rxb6 a5 35. Rb5 Rd1+ 36. Kg2 Rb1 37.
h4 e4 38. Rxa5 Rxb3 39. Ra8 Rb2 40. Kf1 Ra2 41. a5 f4 42. gxf4 Kf5 43. a6 Kxf4 44.
Rf8 Rxa6 45. Kg2 f5 46. Rg8 Ra2 47. Kg1 Ra1+ 48. Kg2 Ra2 49. Kf1 e3 50. fxe3+ Kf3 51. Kg1 Kxe3 52. Rg5 f4 53. Rxh5 Ra1+ 54. Kh2 f3 55.
Re5+ Kf4 56. Re4+ Kxe4 0-1

[Event "*** Titled Tuesday Blitz"]
[Site "Chess.com"]
[Date "2019.04.02"]
[Round "5"]
[White "TheBigBadChessDad"]
[Black "Dare-Dare"]
[Result "1-0"]
[WhiteElo "2222"]
[BlackElo "2129"]
[TimeControl "180+2"]
[EndTime "15:05:12 PDT"]
[Termination "TheBigBadChessDad won by resignation"]

1. d4 e6 2. Nf3 f5 3. Bf4 Nf6 4. e3 d5 5. c4 Bd6 6. Bxd6 Qxd6 7. c5 Qe7 8. Ne5 Nbd7 9. f4 Nxe5 10. fxe5 Ne4 11.
Qh5+ g6 12. Qh6 b6 13. Bb5+ Bd7 14. Bxd7+ Qxd7 15. Nc3 Nxc3 16. bxc3 b5 17. O-O Rg8 18. a4 bxa4 19. Rfb1 Qg7 20. Qxg7 Rxg7 21. Rxa4 c6 22. c4 dxc4 23. Rxc4 Kd8 24. Ra4 Kc8 25. Ra6 Rc7 26. h4 Rb8 27. Rba1 Rbb7 28. Kf2 Kb8 29. Kf3 h6 30. Rg1 Rb3 31. g4 Kb7 32.
Ra2 Rf7 33. gxf5 Rxf5+ 34. Ke4 g5 35. hxg5 hxg5 36. Rag2 a5 37. Rxg5 Rxg5 38. Rxg5 a4 39. Rg7+ Ka6 40. Rc7 Kb5 41. Rb7+ Kc4 42. Rb6 a3 43. Rxc6 Kb5 44. Rb6+ Kc4 45. Ra6 Kb5 46. Ra8 Kc6 47. Kf4 Kd5 48. Ra4 Kc6 49. e4 Rh3 50.
Kg5 Re3 51. Kf6 Kd7 52. Ra7+ Kc6 53. Kxe6 Rxe4 54. d5+ Kxc5 55. Rxa3 Rd4 56. d6 Rh4 57. Rc3+ Kd4 58. Rg3 Rh6+ 59. Kf5 Kd5 60. Rd3+ Kc4 61. Rd1 Rh8 62. d7 Rd8 63. Ke6 Kc5 64. Ke7 Rh8 65.
d8=Q Rh7+ 66. Kf6 Rh6+ 67. Kg5 Rc6 68. Qd6+ Kb5 69. Qxc6+ Kxc6 70. e6 1-0

[Event "*** Titled Tuesday Blitz"]
[Site "Chess.com"]
[Date "2019.04.02"]
[Round "5"]
[White "vovachesss"]
[Black "You_are_not_free"]
[Result "1-0"]
[WhiteElo "2520"]
[BlackElo "2336"]
[TimeControl "180+2"]
[EndTime "15:05:13 PDT"]
[Termination "vovachesss won by checkmate"]

1. Nf3 c5 2. b3 d5 3. Bb2 Nc6 4. e3 Nf6 5. d4 e6 6. Nbd2 b6 7. Bd3 Be7 8. O-O O-O 9. e4 dxe4 10. Nxe4 cxd4 11. Nxf6+ Bxf6 12. Be4 Bb7 13. Nxd4 Nxd4 14. Bxb7 Rb8 15. Be4 Nf3+ 16. Qxf3 Bxb2 17. Rad1 Qf6 18. Rd7 Rfd8 19. Qxf6 Bxf6 20. Rxa7 Rd2 21. g3 Bd4 22. Kg2 g6 23. Rd7 b5 24. Bd3 e5 25. g4 h6 26. Kf3 Ra8 27. Bxb5 Rxa2 28. Bd3 Kg7 29. Ke4 Kf6 30. f4 Ke6 31. fxe5 Kxd7 32. Kxd4 Ke7 33.
h3 Raxc2 34. Ke3 Rb2 35. Bc4 Rh2 36. Rxf7+ Ke8 37. Rf6 Rxh3+ 38. Kd4 g5 39. Kd5 Ke7 40. Re6+ Kf7 41. Rf6+ Ke7 42. Kc5 Rc2 43. Rf7+ Ke8 44. Rh7 Rxb3 45. e6 Rbc3 46. Kd6 Rd2+ 47. Bd5 Rf2 48. Re7+ Kf8 49. Ra7 Rc8 50. e7+ Ke8 51. Be6 Rd2+ 52. Ke5 Rb8 53. Kf6 Rf2+ 54. Kg7 Rf4 55. Bf5 Rf2 56. Bg6+ Rf7+ 57. Bxf7# 1-0

[Event "*** Titled Tuesday Blitz"]
[Site "Chess.com"]
[Date "2019.04.02"]
[Round "5"]
[White "chesstatour"]
[Black "Taron_Shagbazyan"]
[Result "0-1"]
[WhiteElo "2009"]
[BlackElo "2713"]
[TimeControl "180+2"]
[EndTime "15:05:14 PDT"]
[Termination "Taron_Shagbazyan won by resignation"]

1. c4 e5 2. Nc3 Nf6 3. g3 d5 4.
cxd5 Nxd5 5. Bg2 Nb6 6. Nf3 Nc6 7. O-O Be7 8. d3 O-O 9. Na4 Be6 10. b3 Nxa4 11.
bxa4 a5 12. Be3 f6 13. a3 Rb8 14. Qc2 Qd7 15. Rfc1 Rfd8 16. Bc5 Bxc5 17. Qxc5 Bd5 18. Rab1 b6 19. Qb5 Bxf3 20. Bxf3 Nd4 21. Qc4+ Kf8 22. Qxc7 Qxc7 23. Rxc7 Nxf3+ 24. exf3 Rxd3 25. Kg2 h5 26. Ra7 Kg8 27. Rc1 Kh7 28. Rcc7 Rg8 29. Rcb7 Rxa3 30. Rxb6 Kg6 31. Rxa5 Kf5 32. Rb2 g5 33. Ra6 Rd8 34. h3 Rf8 35. Rb4 Ra2 36. g4+ Kg6 37. Rbb6 hxg4 38. hxg4 Rf7 39. a5 Ra4 40. Re6 Rf8 41.
Rxe5 Rf7 42. Ree6 Ra2 43. Re3 Kg7 44. Kg3 Rd7 45. Rae6 Rdd2 46. Re7+ Kg6 47. f4 gxf4+ 48. Kxf4 Rxf2+ 49. Ke4 Ra4+ 50. Kd3 Rxa5 51. R3e4 Ra3+ 52. Kd4 Rd2+ 53. Kc5 Rc3+ 54. Kb4 Rc6 55. R7e6 Rb2+ 56.
Ka3 Rxe6 57. Rxe6 Rb8 58. Re4 Kg5 59. Ka2 Rb5 60. Ka3 Rb1 61. Ka2 Rg1 62. Kb2 Rxg4 63. Re8 Rc4 64. Kb3 Rc7 65. Rg8+ Kf4 66. Rf8 f5 67.
Re8 Kf3 68. Rf8 f4 69. Re8 Kf2 70. Rf8 f3 71. Re8 Kf1 72. Rf8 f2 73. Re8 Rg7 0-1

[Event "*** Titled Tuesday Blitz"]
[Site "Chess.com"]
[Date "2019.04.02"]
[Round "5"]
[White "matiss90"]
[Black "Zq1"]
[Result "0-1"]
[WhiteElo "2455"]
[BlackElo "2532"]
[TimeControl "180+2"]
[EndTime "15:05:14 PDT"]
[Termination "Zq1 won by resignation"]

1. e4 c5 2. Nf3 d6 3. d4 cxd4 4. Nxd4 Nf6 5. Nc3 Nc6 6. Bc4 Bd7 7. Be3 Ng4 8. Nxc6 bxc6 9. Bc1 g6 10. h3 Nf6 11.
O-O Bg7 12. Bb3 O-O 13. Be3 a5 14. Qd2 Be6 15. Bxe6 fxe6 16. Bh6 Qb8 17. Bxg7 Kxg7 18. e5 dxe5 19. b3 Qb4 20. Qe3 Qd4 21. Qe1 Nd5 22. Ne4 Nf6 23. Ng5 Qb2 24. Nxe6+ Kf7 25. Nxf8 Kxf8 26. c4 a4 27. Qc1 Qd4 28. Rd1 Qc5 29.
Qe3 Qxe3 30. fxe3 Ke8 31. b4 Ne4 32. a3 Nd6 33. Rdc1 Kd7 34. Rab1 Kc7 35. b5 c5 36. Rb2 Ne4 37. Rd1 e6 38. h4 h5 39. Rbd2 Nxd2 40. Rxd2 Rf8 41. Rf2 Rd8 42. Rf6 Rd1+ 43. Kh2 Kd6 44.
Rxg6 Rd3 45. Rg5 Rxa3 46. Rxh5 Rxe3 47. Rh8 Re4 48. b6 Kc6 49. Re8 Kxb6 50. Rxe6+ Ka5 51. Kh3 a3 52. Re8 Rxc4 53. h5 Ra4 54. Ra8+ Kb5 55. Rb8+ Kc4 56. Rb1 a2 57. Ra1 Kb3 58. h6 Ra6 59. h7 Rh6+ 60. Kg4 Rxh7 61. Kf5 Rf7+ 62. Kxe5 Rg7 63. Kd5 Rxg2 64. Kxc5 Kb2 65. Rxa2+ Kxa2 0-1

[Event "*** Titled Tuesday Blitz"]
[Site "Chess.com"]
[Date "2019.04.02"]
[Round "5"]
[White "SARGISMV"]
[Black "santosalberto1987"]
[Result "0-1"]
[WhiteElo "2443"]
[BlackElo "2422"]
[TimeControl "180+2"]
[EndTime "15:05:17 PDT"]
[Termination "santosalberto1987 won by checkmate"]

1. d4 d5 2. c4 c6 3. Nf3 Nf6 4. e3 Bf5 5. Nc3 e6 6. Nh4 Bg6 7. Qb3 Qb6 8. Nxg6 hxg6 9. Bd2 Nbd7 10. Bd3 Be7 11. O-O-O O-O 12. f3 c5 13. Qxb6 axb6 14. cxd5 Nxd5 15. Nxd5 exd5 16. Kb1 c4 17. Bc2 b5 18. e4 Nf6 19. Bg5 Rfe8 20. Rhe1 b4 21. h4 b5 22. Re2 Nh5 23. Rde1 Bxg5 24. hxg5 Nf4 25. Rd2 Ra6 26. g3 Nh5 27. Rg2 Rea8 28. exd5 b3 29. Be4 Rxa2 30. Kc1 b4 31. Bb1 c3 32.
Ree2 c2 33. Bxc2 bxc2 34. Rxc2 R2a5 35. Rc5 R5a6 36. Kc2 Rd6 37. Kb3 Rad8 38. Kc4 Kf8 39.
b3 Ke7 40. Rc7+ R8d7 41. Rc5 Kd8 42. Rg1 f6 43. f4 f5 44. Rg2 Ke7 45. Rg1 Kd8 46.
Rg2 Rb7 47. Rg1 Kd7 48. Rg2 Ra6 49. Rg1 Ra2 50. Kd3 Rb2 51. Kc4 Rc2+ 52. Kd3 Rf2 53. Kc4 Rf3 54. Rc6 Rc3# 0-1